 Dungeon Crawl Stone Soup version bcrawl-1.39.1 (webtiles) character file.

Game seed: 6232388519869246594

10319285 Grijm the Ruinous (level 27, 201/201 HPs)
             Began as a High Elf Wanderer on Sept 10, 2023.
             Was the Champion of Ashenzari.
             Escaped with the Orb
             ... and 3 runes on Sept 11, 2023!
             The game lasted 08:36:59 (95637 turns).

Grijm the Ruinous (High Elf Wanderer)              Turns: 95637, Time: 08:37:00

Health: 201/201    AC: 22    Str: 19    XL:     27
Magic:  54/58      EV: 33    Int: 51    God:    Ashenzari [******]
Gold:   1441       SH:  0    Dex: 32    Spells: 25/76 levels left

rFire    + . .     GDR:     46% V - +6 Majin-Bo {vamp, *Drain Str+12 Int+24}
rCold    + . .     SeeInvis +   (shield currently unavailable)
rNeg     . . .     Gourm    .   a - +4 moon troll leather armour {Spirit, Regen++ rCorr MP+5} (curse)
rPois    .         Faith    .   W - +0 helmet
rElec    +         Spirit   +   E - +2 cloak {MR+} (curse)
rCorr    +         Reflect  .   G - +2 pair of gloves (curse)
MR       ++++.     Clarity  +   g - +2 pair of boots (curse)
Stlth    +.........             f - amulet "Kaoces Elae" {Regen Dex+6}
HPRegen  2.85/turn              q - ring of Ceunew {+Fly rElec rC+ Dex-2}
MPRegen  0.36/turn              K - ring of Eqedoa {rF+ MR+ Int-5 Dex+2 Stlth--} (curse)

@: flying, deflect missiles
A: obsessive focus, dopey 1, frail 1, weak 2, MP-powered wands
0: Orb of Zot
}: 3/15 runes: serpentine, slimy, gossamer
a: Curse Item, Scrying, Transfer Knowledge, Renounce Religion, Stop Flying


You escaped.
You worshipped Ashenzari.
Ashenzari was exalted by your worship.
You were full.

You visited 12 branches of the dungeon, and saw 48 of its levels.
You visited 2 bazaars.
You also visited: Trove, Gauntlet and Wizlab.

You collected 7712 gold pieces.
You spent 6271 gold pieces at shops.

Inventory:

Hand Weapons
 V - the +6 Majin-Bo (weapon) {vamp, *Drain Str+12 Int+24}
   (You found it on level 5 of the Pits of Slime)

   It inflicts no extra harm, but heals its wielder when it wounds a living foe.
   It affects your strength (+12).
   It affects your intelligence (+24).
   It causes draining when unequipped.
Missiles
 s - 6 throwing nets {=f}
 T - 465 poisoned tomahawks (quivered)
Armour
 a - the cursed +4 moon troll leather armour (worn) {Spirit, Regen++ rCorr MP+5}
   (You took it off a moon troll in a wizard's laboratory)

   It affects your magic capacity (+5).
   It increases your rate of regeneration.
   It provides partial protection from all sources of acid and corrosion.
   It has a curse placed upon it.
 g - a cursed +2 pair of boots (worn)
 E - a cursed +2 cloak of magic resistance (worn)
 G - a cursed +2 pair of gloves (worn)
 W - a +0 helmet (worn)
Jewellery
 f - the amulet "Kaoces Elae" (around neck) {Regen Dex+6}
   (You found it on level 2 of the Crypt)

   [amulet of regeneration]

   It affects your dexterity (+6).
 k - the ring "Saojuwk" {+Blink rN+ MR+ Stlth+}
   (You found it on level 2 of the Crypt)

   [ring of positive energy]

   It protects you from negative energy.
   It affects your resistance to hostile enchantments.
   It lets you blink.
   It makes you more stealthy.
 q - the ring of Ceunew (left hand) {+Fly rElec rC+ Dex-2}
   (You found it on level 5 of the Pits of Slime)

   [ring of flight]

   It affects your dexterity (-2).
   It protects you from cold.
   It insulates you from electricity.
   It lets you fly.
 t - the ring of Pride {Ice Dex+3}
   (You found it on level 3 of the Depths)

   [ring of ice]

   It enhances your ice magic.
   It affects your dexterity (+3).
   It makes you vulnerable to fire.
   It protects you from cold.
 K - the cursed ring of Eqedoa (right hand) {rF+ MR+ Int-5 Dex+2 Stlth--}
   (You found it on level 5 of the Pits of Slime)

   [ring of attention]

   It affects your intelligence (-5).
   It affects your dexterity (+2).
   It protects you from fire.
   It affects your resistance to hostile enchantments.
   It makes you much less stealthy.
   It has a curse placed upon it.
 X - a +6 ring of strength
Wands
 d - a wand of acid (3)
 o - a wand of scattershot (5)
 r - a wand of digging (29)
 N - a wand of iceblast (77)
 S - a wand of paralysis (29)
Scrolls
 j - 5 scrolls of amnesia
 n - 12 scrolls of fog
 p - 4 scrolls of noise
 w - 24 scrolls of remove curse
 x - 6 scrolls of fear
 y - 21 scrolls of teleportation
 A - 8 scrolls of immolation
 H - a scroll of silence
 I - 2 scrolls of vulnerability
 Q - 11 scrolls of blinking
 U - 6 scrolls of revelation
Potions
 b - 6 potions of flight
 c - 18 potions of curing
 h - 10 potions of agility
 l - 7 potions of might
 m - 9 potions of ambrosia
 u - a potion of invisibility
 v - 6 potions of magic
 z - 21 potions of heal wounds
 C - 17 potions of mutation
 D - 6 potions of cancellation
 F - 8 potions of haste
 J - 8 potions of lignification
 M - a potion of resistance
 Z - 5 potions of brilliance
Miscellaneous
 i - a phial of floods
 B - 4 boxes of beasts
 L - 2 phantom mirrors
 O - a lightning rod (4/4)
 P - a fan of gales (1/2)
 R - a sack of spiders
 Y - a lamp of fire
Comestibles
 e - 36 rations {!d}


   Skills:
 + Level 19.8(22.1) Fighting
   Level 8.7(11.7) Armour
 - Level 12.5(15.1) Dodging
   Level 1.2(3.0) Stealth
 - Level 25.0(27) Spellcasting
 - Level 26.6(27) Conjurations
 - Level 14.1(16.7) Charms
   Level 8.8(11.7) Poison Magic
 - Level 25.0(27) Evocations


You had 25 spell levels left.
You knew the following spells:

 Your Spells              Type           Power        Failure   Level  Hunger
a - Infusion              Chrm           ########     0%          1    None
b - Poison Arrow          Conj/Pois      ########..   0%          6    None
c - Mephitic Cloud        Conj/Pois/Air  ########     0%          3    None
d - Ignite Poison         Fire/Tmut/Pois #######.     1%          3    None
e - Swiftness             Chrm/Air       ########     0%          2    None
g - Deflect Missiles      Chrm/Air       ########..   1%          6    None
h - Sticky Flame          Conj/Fire      ########     0%          4    None
i - Irradiate             Conj/Tmut      ########..   1%          5    None
j - Blink                 Tloc           N/A          1%          2    None
q - Orb of Destruction    Conj           ########..   0%          7    None
s - Searing Ray           Conj           ########     0%          2    None
x - Spellforged Servitor  Conj/Summ      ########..   1%          7    None
z - Conjure Flame         Conj/Fire      ########     0%          3    None

Your spell library contained the following spells:

 Spells                   Type           Power        Failure   Level  Hunger
 Magic Dart               Conj           ####         0%          1    None
 Sting                    Conj/Pois      ####         0%          1    None
 Shock                    Conj/Air       #######      0%          2    None
 Song of Slaying          Chrm           ########     0%          2    None
 Throw Frost              Conj/Ice       ######       0%          2    None
 Dazzling Orbs            Conj/Hex       #######      0%          3    None
 Iskenderun's Mystic Bla  Conj           ########     0%          3    None
 Ozocubu's Armour         Chrm/Ice       ########     0%          3    None
 Regeneration             Chrm/Necr      ########..   0%          3    None
 Spectral Weapon          Hex/Chrm       ########     0%          3    None
 Stone Arrow              Conj/Erth      ######       0%          3    None
 Fulminant Prism          Conj/Hex       ########..   0%          4    None
 Lightning Bolt           Conj/Air       ########     0%          4    None
 Olgreb's Toxic Radiance  Pois           ########.    0%          4    None
 Throw Icicle             Conj/Ice       ########     0%          4    None
 Iskenderun's Battlesphe  Conj/Chrm      ########     0%          5    None
 Piercing Shot            Chrm           ########..   0%          5    None
 Venom Bolt               Conj/Pois      ########..   0%          5    None
 Apportation              Tloc           ######       1%          1    None
 Beastly Appendage        Tmut           ######       1%          1    None
 Freeze                   Ice            ######       1%          1    None
 Sandblast                Erth           ######       1%          1    None
 Static Discharge         Air            ######       1%          1    None
 Summon Butterflies       Summ           ######..     1%          1    None
 Call Imp                 Summ           ######       1%          2    None
 Corpse Rot               Necr           N/A          1%          2    None
 Passwall                 Tmut/Erth      ######..     1%          2    None
 Poisonous Vapours        Pois/Air       ######       1%          2    None
 Sticks to Snakes         Tmut           ######..     1%          2    None
 Sublimation of Blood     Necr           ######....   1%          2    None
 Beckoning                Tloc           ######....   1%          3    None
 Confuse                  Hex            ######..     1%          3    None
 False Image              Hex/Summ       ######..     1%          3    None
 Portal Projectile        Tloc           ######       1%          3    None
 Recall                   Summ/Tloc      N/A          1%          3    None
 Spider Form              Tmut/Pois      ###          1%          3    None
 Tukima's Dance           Hex            ######..     1%          3    None
 Agony                    Necr           ######..     1%          4    None
 Airstrike                Air            ######....   1%          4    None
 Ice Form                 Ice/Tmut       ######..     1%          4    None
 Petrify                  Tmut/Erth      ######....   1%          4    None
 Summon Ice Beast         Ice/Summ       ######..     1%          4    None
 Summon Scorpions         Summ/Pois      #######.     1%          4    None
 Yara's Violent Unravell  Hex/Tmut       ######....   1%          4    None
 Bolt of Draining         Conj/Necr      ########..   1%          5    None
 Bolt of Magma            Conj/Fire/Erth ########..   1%          5    None
 Steam Barrier            Chrm/Fire      ########..   1%          5    None
 Bolt of Cold             Conj/Ice       ########..   1%          6    None
 Conjure Ball Lightning   Conj/Air       ########..   1%          6    None
 Iron Shot                Conj/Erth      ########..   1%          6    None
 Virulence                Hex/Pois       #######.     2%          6    None
 Blade Hands              Tmut           ######....   4%          5    None
 Freezing Cloud           Ice/Air        ######..     4%          5    None
 Lee's Rapid Deconstruct  Erth           ######....   4%          5    None
 Silence                  Hex/Air        ######....   4%          5    None
 Summon Demon             Summ           ######....   4%          5    None
 Summon Forest            Summ/Tloc      ######....   4%          5    None
 Summon Lightning Spire   Summ/Air       ######..     4%          5    None
 Summon Mana Viper        Hex/Summ       ######..     4%          5    None
 Chain Lightning          Conj/Air       ########..   4%          8    None
 Aura of Abjuration       Summ           ######....   24%         6    None
 Borgnjor's Vile Clutch   Necr/Erth      ######....   24%         6    None
 Invisibility             Hex            ######..     24%         6    None
 Ozocubu's Refrigeration  Ice            ######....   24%         6    None
 Statue Form              Tmut/Erth      ######...    24%         6    None
 Time Stop                Chrm/Tloc      N/A          34%         8    None
 Shadow Creatures         Summ           N/A          80%         7    None
 Tornado                  Tloc/Air       ######....   100%        8    None
 Shatter                  Erth           ######....   100%        9    None


Dungeon Overview and Level Annotations

Branches:
Dungeon (12/12)            Temple (1/1) D:4            Lair (6/6) D:7
  Snake (3/3) Lair:2       Spider (3/3) Lair:4        Slime (5/5) Orc
    Orc (1/1) D:9          Vaults (2/3) D:11         Forest (3/3) Lair:5
  Crypt (2/2) Vaults:1       Tomb (0/3) Crypt:2      Depths (5/5) D:12
    Zot (5/5) Depths:5

Altars:
Ashenzari
Cheibriados
Dithmenos
Elyvilon
Fedhas
Gozag
Hepliaklqana
Kikubaaqudgha
Lugonu
Nemelex Xobeh
Okawaru
Qazlal
Ru
Sif Muna
Trog
Uskayaw
Vehumet
Wu Jian
Xom
Yredelemnul
Zin
Jiyva

Shops:
D:4 :   D:5 ?   D:7 (   Orc %}(%=   Vaults:2 *   Depths:1 [%[?   Depths:5 }=}

Portals:
Hell: Depths:1 Depths:2 Depths:3 Depths:4 Depths:5
Abyss: Lair:6 Spider:1 Depths:4
Pandemonium: Depths:3 Depths:4
Ziggurat: Depths:1

Annotations:
Lair:1 3 runed translucent doors, exclusion: 3 doors, polpettosauro's ghost, novice MiFi
Lair:3 2 transporters, Vire's ghost, journeyman DsBe
Lair:5 3 runed translucent doors, Vire's ghost, journeyman AvFE
Zot:2 3 runed translucent doors, Icycared's ghost, master GrFi
Zot:4 exclusion: 2 doors


Innate Abilities, Weirdness & Mutations

You can't train low skills.
You expend magic power (3 MP) to strengthen your wands.
You are dopey. (Int -2)
You are frail. (-10% HP)
You are very weak. (Str -4)


Message History

(D) Dungeon (T) Temple (L) Lair (P) Snake Pit (N) Spider Nest (M) Slime Pits (O) Orcish Mines (V) Vaults (F) Spriggan Forest (C) Crypt (W) Tomb (U) Depths (H) Hell (Z) Zot
Where to? (Enter - D:1 @ (x,y), ? - help)
There is a stone staircase leading up here.
You fly upwards.
There is a stone staircase leading down, spattered with blood here.
Things that are here:
a +0 ring mail; a +0 club HP restored.
There is a stone staircase leading up here.
You fly upwards.
There is a stone staircase leading down here.
There is a stone staircase leading up here.
You fly upwards.
There is a stone staircase leading down here.
There is a staircase leading out of the dungeon here.
The power of the Orb breaks the dimensional shunt like a soap bubble!
You have escaped!

###..#########..#.###.#.##.#.##.#
###..# #.##.# #.#.##.......
.....# #.##.# #.....##.####
####)###### #.##.# #.##.........
..........# #.##.# #.##.....####
..........# #.##.###.###.#..# #
..........####......#.# #....####
..........##>########.###.#......
..........##....@# #........####
..........##.#############...# ##
..........##'#.###.....###...# #.
##+#...........).+...........# #.
..........#...)###.....##.#..###.
....#####.#....# #.....##)#......
....# #.#....# #.....##.#..####
....# #.#....# ##.#.....#####..
....# #.#.)..####.#.##### #..


There were no monsters in sight!

Vanquished Creatures
  the Royal Jelly (Slime:5)
  A juggernaut (Depths:4)
  7 orbs of fire (Zot:5)
  Mennas (Crypt:1)
  4 ancient liches
  8 golden dragons
  Sojobo (Crypt:2)
  5 Killer Klowns
  the Enchantress (Forest:3)
  6 caustic shrikes
  2 curse toes
  Gastronok (Orc)
  3 rockslimes
  A bone dragon (Depths:5)
  2 Brimstone Fiends
  A moon troll (WizLab)
  5 electric golems
  5 Orb Demons
  A Shadow Fiend (Zot:5)
  An iron giant (shapeshifter) (Depths:4)
  28 Orb Guardians
  Jorgrun (Snake:1)
  3 liches
  8 tentacled monstrosities
  Rupert (Lair:5)
  5 quicksilver dragons
  5 wendigos
  2 sphinxes (Depths:1)
  4 tentacled starspawn (WizLab)
  6 ancient champions
  21 acid blobs
  9 death cobs
  2 thorn hunters (Forest:3)
  6 tengu reavers
  7 storm dragons
  4 draconian monks
  2 shadow dragons
  5 ghouls
  16 nagarajas
  A revenant (Crypt:1)
  7 draconian knights
  A balrug (Depths:2)
  14 frost giants
  6 azure jellies
  A vault warden (Vaults:1)
  10 ghost moths
  Louise (Snake:3)
  7 fire giants
  A deep elf sorcerer (Depths:2)
  3 war gargoyles
  Aizul (Snake:1)
  7 emperor scorpions
  A curse skull (Crypt:2)
  4 spectral caustic shrikes (Depths:4)
  3 iron dragons
  The ghost of Burana the Tainter, a journeyman DsAc of Dithmenos (Spider:3)
  A caustic shrike zombie (Depths:3)
  4 draconian shifters
  A draconian stormcaller (Depths:5)
  3 ironheart preservers (Vaults:1)
  16 stone giants
  7 draconian annihilators
  5 elemental wellsprings
  A cacodemon (WizLab)
  An eye of devastation (shapeshifter) (Depths:2)
  20 very ugly things
  9 spriggan defenders
  7 jiangshi (Crypt:2)
  11 eyes of devastation
  8 draconian scorchers
  6 green draconians
  2 vampire knights
  13 black draconians
  A deep elf demonologist (Depths:4)
  7 red draconians
  7 white draconians
  4 entropy weavers
  7 dire elephants
  16 spark wasps
  6 purple draconians
  10 yellow draconians
  2 blizzard demons
  A crystal guardian (Vaults:2)
  A deep elf death mage (Depths:3)
  A green death (Zot:5)
  An eidolon (Crypt:1)
  11 fire dragons
  12 ettins
  Josephine (Snake:1)
  Urug (Lair:3)
  8 yaktaur captains
  15 naga warriors
  A monstrous demonspawn (Depths:3)
  A vault guard (D:11)
  15 great orbs of eyes
  A juggernaut simulacrum (Depths:3)
  A shambling mangrove (Forest:3)
  5 rakshasas
  A catoblepas (Lair:4)
  10 ice dragons
  4 hydras
  2 shadow wraiths
  8 spriggan air magi
  5 ancient automatons
  13 anacondas
  23 two-headed ogres
  13 death oozes
  6 death yaks
  A death knight (Crypt:2)
  A two-headed ogre (shapeshifter) (Depths:3)
  11 deep troll shamans
  7 ogre magi
  8 deep troll earth magi
  A dancing weapon (Vaults:1)
  10 satyrs
  A tengu warrior (D:11)
  2 vampire magi (Crypt:2)
  8 naga sharpshooters
  3 thrashing horrors (Lair:6)
  8 shock serpents
  An ironheart beastmaster (Vaults:1)
  A deep elf knight (D:11)
  16 centaur warriors
  7 spriggan berserkers
  21 deep trolls
  A goliath frog (shapeshifter) (Depths:4)
  A fire crab (shapeshifter) (Depths:2)
  17 spriggans
  3 hell knights (Depths:1)
  4 salamander mystics
  4 iron trolls
  3 skeletal warriors
  A goliath frog (Lair:6)
  An unseen horror (D:12)
  A spectral wolf spider (Spider:3)
  2 spriggan druids (Forest:3)
  5 flayed ghosts
  2 gelid demonspawn (Depths:3)
  2 orange crystal statues
  2 death drakes (shapeshifter)
  6 phantasmal warriors
  6 wizards
  14 glowing orange brains
  5 starcursed masses (WizLab)
  5 ironheart convokers
  A golden dragon skeleton (Crypt:2)
  5 naga ritualists
  A wolf spider zombie (D:12)
  3 cyclopes
  A wolf spider (shapeshifter) (Depths:4)
  6 necromancers
  An orb spider (shapeshifter) (Depths:3)
  A mana viper (shapeshifter) (Depths:3)
  6 lindwurms
  A sphinx zombie (D:12)
  A deep elf archer (D:12)
  A deep elf mage (D:11)
  3 orc knights (D:12)
  5 mana vipers
  5 shining eyes
  12 orb spiders
  13 wolf spiders
  14 salamanders
  7 orc sorcerers (Orc)
  7 oklob plants
  2 manticores
  41 ugly things
  15 moths of wrath
  A fire giant zombie (D:12)
  14 fauns
  2 iron dragon skeletons
  A stone giant zombie (D:12)
  An ice statue (D:7)
  A molten gargoyle (Depths:4)
  A merfolk siren (Forest:3)
  4 guardian serpents (Depths:3)
  33 black mambas
  3 smoke demons (Lair:6)
  10 water nymphs
  8 demonic crawlers
  16 naga magi
  10 cane toads
  13 jumping spiders
  4 kobold demonologists
  5 rime drakes
  2 torpor snails
  An orange demon (Depths:4)
  19 yaktaurs
  A dryad (Forest:2)
  2 tengu conjurers
  5 freezing wraiths
  An efreet (D:12)
  A yellow draconian skeleton (Crypt:1)
  8 flying skulls (Crypt:2)
  A red draconian skeleton (Crypt:1)
  2 eyes of draining
  2 spectral jumping spiders (Spider:3)
  A komodo dragon (shapeshifter) (Lair:6)
  A hellwing (Depths:3)
  2 yaktaur skeletons
  An ancient zyme (Lair:6)
  9 komodo dragons
  An ice devil (Depths:1)
  5 guardian mummies
  2 red devils
  A merfolk (shapeshifter) (D:12)
  A queen bee (shapeshifter) (Depths:4)
  A ghost moth simulacrum (Crypt:1)
  20 hornets
  A wolf spider simulacrum (Spider:3)
  3 meliai (Spider:2)
  4 trolls
  A hornet (shapeshifter) (D:10)
  2 tyrant leeches (D:11)
  A blink frog (shapeshifter) (Lair:6)
  6 polar bears
  Grinder (D:5)
  4 harpy skeletons
  A hippogriff (shapeshifter) (Depths:2)
  A spriggan zombie (Depths:1)
  14 blink frogs
  2 meliai zombies
  A bog body (Crypt:1)
  27 dream sheep
  15 hippogriffs
  An ice dragon zombie (Crypt:1)
  99 slime creatures
  2 stone giant simulacra
  A deep troll skeleton (Depths:1)
  A fire dragon skeleton (Crypt:2)
  3 vampires
  4 shadows
  18 tarantellas
  7 wraiths
  An ice dragon skeleton (Depths:1)
  2 spriggans (shapeshifter)
  32 water elementals
  6 wyverns
  Sigmund (D:5)
  A human (D:8)
  A fire bat (shapeshifter) (Depths:4)
  A wyvern (shapeshifter) (Vaults:1)
  9 basilisks
  2 fire bats (Depths:4)
  18 golden eyes
  A human (shapeshifter) (Depths:5)
  A golden eye (shapeshifter) (Depths:2)
  53 yaks
  A hog (shapeshifter) (Depths:1)
  3 hungry ghosts
  A yak (shapeshifter) (Vaults:2)
  A yaktaur simulacrum (Vaults:1)
  A neqoxec (Zot:1)
  32 redbacks
  5 vampire mosquitoes
  A chaos spawn (Lair:6)
  10 wargs
  48 nagas
  26 crocodiles
  7 water moccasins
  A water moccasin (shapeshifter) (Lair:6)
  Duvessa (D:6)
  An acid dragon (D:12)
  2 floating eyes
  An infernal demonspawn skeleton (Crypt:1)
  18 porcupines
  5 sky beasts
  A tarantella simulacrum (Spider:3)
  A soldier ant (D:10)
  2 hell hounds (Depths:2)
  A cane toad skeleton (Crypt:1)
  3 black bears
  22 orc warriors
  A hornet zombie (D:12)
  2 phantoms
  A spectral torpor snail (Spider:3)
  9 necrophages
  12 wolves
  17 ogres
  A boggart (Vaults:1)
  A blink frog skeleton (Crypt:1)
  Blork the orc (D:5)
  5 kobold brigands
  13 bullfrogs
  2 jumping spider simulacra (Spider:3)
  A glowing shapeshifter simulacrum (Vaults:1)
  9 small abominations (Lair:6)
  2 wyvern skeletons
  14 centaurs
  Dowan (D:6)
  6 scorpions
  4 killer bees (D:10)
  9 wights
  A howler monkey (D:4)
  5 electric eels
  14 orc priests
  6 crimson imps
  3 jellies
  41 orc wizards
  3 gnoll shamans
  5 quasits
  12 hounds
  Crazy Yiuf (D:6)
  An iron imp (Depths:5)
  10 worker ants
  5 iguanas
  A porcupine skeleton (D:8)
  An acid dragon zombie (Crypt:1)
  2 hound zombies
  A hound skeleton (D:8)
  2 mummies (Crypt:2)
  A worker ant zombie (D:8)
  15 adders
  20 gnolls
  7 shadow imps
  2 white imps (Depths:3)
  A worker ant simulacrum (Spider:3)
  2 oozes
  A halfling zombie (Crypt:1)
  An adder zombie (D:5)
  An iguana zombie (Crypt:2)
  An adder skeleton (D:4)
  2 worms
  2 dart slugs
  13 leopard geckos
  109 orcs
  6 goblins
  7 hobgoblins
  9 jackals
  3 quokkas
  6 ball pythons
  A ball python skeleton (Crypt:1)
  7 bats
  7 frilled lizards
  A frilled lizard skeleton (Crypt:2)
  A hobgoblin zombie (Crypt:1)
  A jackal skeleton (D:7)
  35 kobolds
  5 rats
  A lurking horror (Spider:1)
  7 plants (Forest:3)
  6 starspawn tentacles (WizLab)
  A withered plant (D:12)
2209 creatures vanquished.

Vanquished Creatures (collateral kills)
  An orb of fire (Zot:5)
  3 ancient liches
  A lich (Crypt:2)
  A tentacled monstrosity (Zot:2)
  An acid blob (Slime:5)
  An ancient champion (Crypt:2)
  2 tentacled starspawn (WizLab)
  2 ghouls (Crypt:1)
  A storm dragon (Zot:5)
  A tengu reaver (Crypt:2)
  2 azure jellies (Slime:5)
  A vault warden (Vaults:2)
  A stone giant (WizLab)
  2 jiangshi (Crypt:2)
  2 vampire knights
  A dire elephant (Vaults:1)
  An eidolon (Vaults:1)
  A crystal guardian (WizLab)
  2 yaktaur captains
  2 rakshasas
  A death ooze (Slime:5)
  A death knight (Crypt:1)
  An ogre mage (Vaults:1)
  A deep troll earth mage (Depths:3)
  A vampire mage (Crypt:2)
  2 deep trolls (Depths:3)
  A wretched star (WizLab)
  An iron troll (Depths:1)
  3 skeletal warriors
  An orange crystal statue (WizLab)
  An ironheart convoker (Vaults:2)
  A glowing orange brain (Slime:5)
  A komodo dragon (shapeshifter) (Vaults:2)
  A freezing wraith (Crypt:1)
  7 yaktaurs
  4 flying skulls
  A hornet (Forest:1)
  3 wraiths
  A golden eye (Slime:5)
  A neqoxec (WizLab)
  2 nagas (Depths:3)
  A porcupine (Lair:1)
  An ogre (Vaults:1)
  A yaktaur zombie (Crypt:2)
  A warg zombie (Crypt:2)
  A wolf zombie (Crypt:2)
  A ball python (Depths:3)
71 creatures vanquished.

Vanquished Creatures (others)
  2 rockslimes
  A draconian knight (Zot:2)
  An azure jelly (Slime:5)
  A yaktaur captain (Vaults:1)
  A moth of wrath (Zot:5)
  A ball lightning (Zot:1)
  7 fungi
  90 plants
  A spectral weapon (Lair:2)
  10 starspawn tentacles (WizLab)
  3 withered plants (D:12)
118 creatures vanquished.

Grand Total: 2398 creatures vanquished

Notes
Turn   | Place    | Note
-------+----------+-------------------------------------------
     0 | D:1      | Grijm the High Elf Wanderer began the quest for the Orb.
     0 | D:1      | Grijm set off with the following items: a +0 club, a potion
                  | of berserk rage, a +0 robe, a ration {!d}; and the
                  | following spells available to memorise: Infusion, Song of
                  | Slaying, Swiftness, Magic Dart, Blink, Call Imp, Ozocubu's
                  | Armour, Regeneration, Spectral Weapon, Spider Form,
                  | Mephitic Cloud, Conjure Flame
     0 | D:1      | Reached XP level 1. HP: 16/16 MP: 4/4
     2 | D:1      | Learned a level 1 spell: Infusion
     4 | D:1      | Learned a level 1 spell: Magic Dart
    59 | D:1      | Reached skill level 1 in Armour
    59 | D:1      | Reached skill level 1 in Dodging
    95 | D:1      | Reached XP level 2. HP: 22/22 MP: 1/6
   451 | D:1      | Reached skill level 1 in Conjurations
   722 | D:1      | Reached XP level 3. HP: 18/27 MP: 3/7
   877 | D:1      | Learned a level 3 spell: Mephitic Cloud
  1282 | D:2      | Reached skill level 2 in Conjurations
  2293 | D:2      | Reached XP level 4. HP: 25/33 MP: 2/8
  2650 | D:3      | Learned a level 3 spell: Ozocubu's Armour
  2667 | D:3      | Found a blossoming altar of Fedhas.
  2778 | D:3      | Reached XP level 5. HP: 33/38 MP: 0/11
  3553 | D:3      | Learned a level 3 spell: Conjure Flame
  4086 | D:3      | Reached XP level 6. HP: 24/44 MP: 0/13
  4238 | D:4      | Found Eteschuh's Book Emporium.
  4668 | D:4      | Found a staircase to the Ecumenical Temple.
  4677 | Temple   | Entered the Ecumenical Temple
  5028 | Temple   | Became a worshipper of Ashenzari the Shackled
  5029 | Temple   | Found the cursed amulet of Vision {SInv *Curse}
  5266 | D:4      | Found a sparkling altar of Nemelex Xobeh.
  5461 | D:5      | Entered Level 5 of the Dungeon
  5796 | D:5      | Noticed Sigmund
  6168 | D:5      | Reached XP level 7. HP: 51/51 MP: 14/14
  6228 | D:5      | Noticed a wyvern
  6354 | D:5      | Killed a wyvern
  6355 | D:5      | Reached skill level 3 in Conjurations
  6629 | D:5      | Noticed Grinder
  7060 | D:7      | Reached XP level 8. HP: 17/58 MP: 12/15
  7255 | D:6      | Noticed Duvessa
  7314 | D:6      | Noticed Dowan
  7501 | D:6      | Killed Dowan
  7506 | D:6      | Killed Duvessa
  7646 | D:6      | Noticed a troll
  7653 | D:6      | Killed a troll
  7654 | D:6      | Reached skill level 4 in Conjurations
  8418 | D:6      | Found a runed door.
  8720 | D:6      | Noticed Crazy Yiuf
  8726 | D:6      | Killed Crazy Yiuf
  8862 | D:7      | Reached XP level 9. HP: 66/66 MP: 14/16
  8958 | D:7      | Learned a level 3 spell: Spectral Weapon
  8991 | D:7      | Noticed a manticore
  9036 | D:7      | Found Munaur's Antique Weapon Shoppe.
  9431 | D:7      | Reached skill level 5 in Short Blades
  9471 | D:7      | Reached skill level 5 in Dodging
  9471 | D:7      | Reached skill level 5 in Spellcasting
  9471 | D:7      | Reached skill level 5 in Conjurations
  9471 | D:7      | Reached skill level 5 in Charms
  9472 | D:7      | Reached skill level 5 in Poison Magic
  9549 | D:7      | Reached skill level 5 in Fighting
  9549 | D:7      | Reached skill level 5 in Armour
  9550 | D:7      | Noticed a troll
  9556 | D:7      | Killed a troll
  9775 | D:7      | Found a staircase to the Lair.
  9863 | D:7      | Noticed an ice statue
  9898 | Lair:1   | Entered Level 1 of the Lair of Beasts
  9898 | Lair:1   | Reached * piety under Ashenzari
  9942 | Lair:1   | Noticed a rime drake
  9957 | Lair:1   | Killed a rime drake
 10066 | Lair:1   | Reached XP level 10. HP: 63/76 MP: 19/19
 10126 | Lair:1   | Reached skill level 6 in Conjurations
 10244 | Lair:1   | Noticed a cane toad
 10250 | Lair:1   | Noticed a cane toad
 10255 | Lair:1   | Killed a cane toad
 10261 | Lair:1   | Killed a cane toad
 10867 | Lair:1   | Found a runed translucent gate.
 10868 | Lair:1   | Found a runed translucent gate.
 10868 | Lair:1   | Noticed polpettosauro's ghost (novice MiFi)
 10869 | Lair:1   | Found a runed translucent gate.
 10869 | Lair:1   | Noticed a catoblepas
 10869 | Lair:1   | Noticed a black mamba
 11404 | Lair:1   | Reached XP level 11. HP: 81/87 MP: 20/20
 11953 | Lair:2   | Reached skill level 10 in Short Blades
 12342 | Lair:2   | Learned a level 2 spell: Swiftness
 12454 | Lair:2   | Found a staircase to the Snake Pit.
 12534 | Lair:2   | Learned a level 2 spell: Poisonous Vapours
 12634 | Lair:2   | Noticed a death yak
 12634 | Lair:2   | Noticed a death yak
 12634 | Lair:2   | Noticed a death yak
 12679 | Lair:2   | Killed a death yak
 12818 | Lair:2   | Noticed a death yak
 12843 | Lair:1   | Killed a death yak
 13136 | Lair:2   | Learned a level 2 spell: Searing Ray
 13189 | Lair:2   | Killed a death yak
 13212 | Lair:2   | Killed a death yak
 13213 | Lair:2   | Reached skill level 7 in Conjurations
 14004 | Lair:3   | Reached skill level 8 in Conjurations
 14049 | Lair:3   | Reached XP level 12. HP: 92/97 MP: 20/23
 14102 | Lair:3   | Reached ** piety under Ashenzari
 14213 | Lair:3   | Noticed a five-headed hydra
 14220 | Lair:3   | Killed a five-headed hydra
 14283 | Lair:3   | Identified the cursed amulet "Rufan" {Inacc Dex+2}
 14323 | Lair:3   | Found a transporter.
 14327 | Lair:3   | Noticed Vire's ghost (journeyman DsBe)
 14328 | Lair:3   | Noticed a death yak
 14622 | Lair:3   | Noticed Urug
 14820 | Lair:3   | Found a transporter.
 15239 | Lair:3   | Killed Urug
 15428 | Lair:4   | Noticed a six-headed hydra
 15435 | Lair:4   | Killed a six-headed hydra
 15444 | Lair:4   | Found a gate leading to a gauntlet.
 15453 | Gauntlet | Entered a Gauntlet
 15453 | Gauntlet | Found a transporter.
 15453 | Gauntlet | Found a transporter.
 15481 | Gauntlet | Found a transporter.
 15481 | Gauntlet | Found a transporter.
 15485 | Gauntlet | Found a transporter.
 15485 | Gauntlet | Found a transporter.
 15494 | Gauntlet | Noticed an entropy weaver
 15495 | Gauntlet | Found a transporter.
 15496 | Gauntlet | Found a transporter.
 15499 | Gauntlet | Found a transporter.
 15499 | Gauntlet | Found a transporter.
 15508 | Gauntlet | Noticed an entropy weaver
 15510 | Gauntlet | Identified the cursed +0 pair of gloves "Lysoerag"
                  | {*Corrode +Fly rN++ Slay-6}
 15513 | Gauntlet | Found a transporter.
 15514 | Gauntlet | Found a transporter.
 15540 | Gauntlet | Identified the amulet "Howist" {Acrobat Int+3}
 15612 | Gauntlet | Identified the +1 cloak of Gozag's Esteem {rC+ MR+ Int-3}
 15624 | Gauntlet | Noticed a death ooze
 16112 | Lair:4   | Reached *** piety under Ashenzari
 16185 | Lair:4   | Identified the ring "Muirph" {Ice Int+3}
 16579 | Lair:4   | Found a hole to the Spider Nest.
 16779 | Lair:4   | Noticed a catoblepas
 16810 | Lair:4   | Killed a catoblepas
 16811 | Lair:4   | Reached skill level 9 in Conjurations
 17148 | Lair:5   | Noticed Rupert
 17150 | Lair:5   | Paralysed by Rupert for 4 turns
 17810 | Lair:5   | Noticed a satyr
 17827 | Lair:5   | Killed a satyr
 17828 | Lair:5   | Reached skill level 10 in Conjurations
 17828 | Lair:5   | Reached XP level 13. HP: 45/103 MP: 27/27
 17996 | Lair:5   | Reached skill level 10 in Spellcasting
 18982 | Lair:5   | Found a runed translucent gate.
 18982 | Lair:5   | Found a runed translucent gate.
 18982 | Lair:5   | Found a runed translucent gate.
 18983 | Lair:5   | Noticed Vire's ghost (journeyman AvFE)
 19012 | Lair:5   | Found a staircase to the Spriggan Forest.
 19222 | Lair:4   | Reached skill level 11 in Conjurations
 19454 | Lair:6   | Entered Level 6 of the Lair of Beasts
 19829 | Lair:6   | Learned a level 3 spell: Ignite Poison
 19834 | Lair:6   | Learned a level 4 spell: Sticky Flame
 19840 | Lair:6   | Learned a level 5 spell: Irradiate
 20327 | Lair:6   | Reached skill level 12 in Conjurations
 21267 | D:4      | Bought a book of Power for 600 gold pieces
 21276 | D:4      | Learned a level 7 spell: Orb of Destruction
 21398 | D:5      | Killed Sigmund
 21432 | D:5      | Found Dotaixes's Magic Scroll Shoppe.
 21435 | D:5      | Bought a scroll of identify for 26 gold pieces
 21435 | D:5      | Bought a scroll of identify for 26 gold pieces
 21435 | D:5      | Bought 3 scrolls of identify for 78 gold pieces
 21435 | D:5      | Bought a scroll of enchant armour for 97 gold pieces
 21435 | D:5      | Bought 3 scrolls of fog for 78 gold pieces
 21435 | D:5      | Bought a scroll of teleportation for 39 gold pieces
 21500 | D:5      | Noticed Blork the orc
 21504 | D:5      | Killed Blork the orc
 21585 | D:5      | Killed Grinder
 22653 | Lair:5   | Killed Rupert
 22654 | Lair:5   | Reached XP level 14. HP: 101/109 MP: 15/31
 22874 | Lair:6   | Reached skill level 13 in Conjurations
 23092 | Lair:6   | Reached **** piety under Ashenzari
 24044 | Lair:6   | Found a corrupted altar of Lugonu.
 24044 | Lair:6   | Found a one-way gate to the infinite horrors of the Abyss.
 24522 | D:8      | Found a shimmering blue altar of Sif Muna.
 25104 | D:8      | Reached skill level 10 in Fighting
 26193 | D:9      | Found a roughly hewn altar of Beogh.
 26194 | D:9      | Found a staircase to the Orcish Mines.
 26738 | Orc      | Entered the Orcish Mines
 26957 | Orc      | Noticed Gastronok
 27167 | Orc      | Killed Gastronok
 27168 | Orc      | Reached skill level 14 in Conjurations
 27229 | Orc      | Found Ututh's Food Shoppe.
 27229 | Orc      | Found Riest's Jewellery Boutique.
 27614 | Orc      | Found a roughly hewn altar of Beogh.
 28048 | Orc      | Found a viscous altar of Jiyva.
 28082 | Orc      | Found a staircase to the Slime Pits.
 28325 | Orc      | Found Deurghadd's Weapon Emporium.
 28498 | Orc      | Found Xydeapp's Gadget Boutique.
 28498 | Orc      | Found Becoluex's Food Shoppe.
 28831 | Orc      | Learned a level 2 spell: Blink
 28859 | D:10     | Entered Level 10 of the Dungeon
 28941 | D:10     | Reached XP level 15. HP: 98/117 MP: 34/34
 29565 | D:10     | Learned a level 4 spell: Olgreb's Toxic Radiance
 30063 | D:11     | Reached ***** piety under Ashenzari
 30914 | D:11     | Reached skill level 15 in Spellcasting
 30914 | D:11     | Reached skill level 15 in Conjurations
 31389 | D:11     | Found a gate to the Vaults.
 31558 | D:11     | Found the +10 Vampire's Tooth {vamp}
 31813 | D:12     | Entered Level 12 of the Dungeon
 32177 | D:12     | Found a portal to a secret trove of treasure.
 32909 | D:12     | Identified the +2 ring mail of the Thunderstorm {Str+4
                  | Int+2}
 33237 | D:12     | Found a staircase to the Depths.
 34040 | Spider:1 | Entered Level 1 of the Spider Nest
 34362 | Snake:1  | Entered Level 1 of the Snake Pit
 34469 | Snake:1  | Reached XP level 16. HP: 75/128 MP: 11/36
 34722 | Snake:1  | Noticed Jorgrun
 35077 | Snake:1  | Noticed Josephine
 35086 | Snake:1  | Killed Josephine
 35087 | Snake:1  | Reached skill level 16 in Conjurations
 35154 | Snake:1  | Killed Jorgrun
 35372 | Snake:1  | Noticed Aizul
 35378 | Snake:1  | Killed Aizul
 37125 | Snake:2  | Reached skill level 17 in Conjurations
 38067 | Snake:3  | Entered Level 3 of the Snake Pit
 38188 | Snake:3  | Reached skill level 18 in Conjurations
 38496 | Snake:3  | Reached XP level 17. HP: 124/137 MP: 20/38
 38818 | Snake:3  | Reached skill level 5 in Shields
 39106 | Snake:3  | Noticed Louise
 39126 | Snake:3  | Killed Louise
 39665 | Snake:3  | Reached skill level 19 in Conjurations
 40365 | Snake:3  | Got a serpentine rune of Zot
 40602 | Lair:4   | Learned a level 6 spell: Poison Arrow
 40949 | Lair:4   | Reached skill level 20 in Conjurations
 41004 | Spider:1 | Found a corrupted altar of Lugonu.
 43269 | Spider:3 | Entered Level 3 of the Spider Nest
 43276 | Spider:3 | Reached XP level 18. HP: 144/144 MP: 17/39
 43306 | Spider:3 | Reached skill level 21 in Conjurations
 44598 | Spider:3 | Found a runed translucent gate.
 44603 | Spider:3 | Found a runed translucent gate.
 44604 | Spider:3 | Found a runed translucent gate.
 44604 | Spider:3 | Noticed Burana's ghost (journeyman DsAc)
 44822 | Spider:3 | Got a gossamer rune of Zot
 44931 | Spider:3 | Reached skill level 22 in Conjurations
 44969 | Spider:3 | Killed Burana's ghost
 45274 | Forest:1 | Entered Level 1 of the Spriggan Forest
 45817 | Forest:1 | Noticed a wendigo
 45822 | Forest:1 | Killed a wendigo
 46776 | Forest:1 | Identified the Compendium of Twisted Bewitchment
 47597 | Forest:2 | Reached skill level 23 in Conjurations
 47762 | Forest:2 | Identified the amulet of Sasoh {Inacc MR- Str+7}
 48499 | Forest:2 | Noticed a wendigo
 48897 | Forest:2 | Killed a wendigo
 49504 | Forest:2 | Reached XP level 19. HP: 150/150 MP: 39/40
 49682 | Forest:3 | Entered Level 3 of the Spriggan Forest
 50314 | Forest:3 | Found a shimmering altar of Xom.
 50714 | Forest:3 | Noticed a caustic shrike
 50716 | Forest:3 | Killed a caustic shrike
 50903 | Forest:3 | Reached skill level 24 in Conjurations
 51120 | Forest:3 | Noticed a caustic shrike
 51202 | Forest:3 | Killed a caustic shrike
 52909 | Forest:3 | Identified the +6 quarterstaff of the Present {crush, +Inv
                  | rF++ Str+4}
 53366 | Forest:3 | Identified the +5 faerie dragon scales {+Inv rCorr Str-3
                  | Int+2}
 53366 | Forest:3 | Noticed the Enchantress
 53536 | Forest:3 | Killed the Enchantress
 53937 | Slime:1  | Entered Level 1 of the Pits of Slime
 53937 | Slime:1  | Reached ****** piety under Ashenzari
 54119 | Slime:1  | Reached skill level 25 in Conjurations
 56949 | Slime:3  | Reached XP level 20. HP: 141/157 MP: 7/41
 59319 | Slime:4  | Reached skill level 26 in Conjurations
 59752 | Slime:5  | Entered Level 5 of the Pits of Slime
 60167 | Slime:5  | Identified the ring of Eqedoa {rF+ MR+ Int-5 Dex+2 Stlth--}
 60168 | Slime:5  | Identified the cursed ring "Quysirghu" {MR+ Str-5 Int+4
                  | Dex-2}
 60169 | Slime:5  | Identified the cursed amulet "Vavoyzir" {Inacc Stlth+}
 60169 | Slime:5  | Identified the ring of Wygazyadd {rPois rF+ MR- Slay+2}
 60291 | Slime:5  | Noticed the Royal Jelly
 60380 | Slime:5  | Killed the Royal Jelly
 61267 | Slime:5  | Found the +6 Majin-Bo {vamp, *Drain Str+12 Int+24}
 61527 | Slime:5  | Learned a level 7 spell: Spellforged Servitor
 61586 | Slime:5  | Identified the ring of Ceunew {+Fly rElec rC+ Dex-2}
 61586 | Slime:5  | Identified the ring "Ofeon" {*Contam +Fly MP-9 Dex+5
                  | Stlth+}
 61587 | Slime:5  | Found the +7 longbow "Piercer" {penet, EV-2}
 61673 | Slime:5  | Identified the +4 flail of Nehiz {freeze, MR+}
 61823 | Slime:5  | Identified the +6 lajatang "Ytigeps" {antimagic, rElec
                  | Str+4 Stlth+}
 61835 | Slime:5  | Identified the cursed +0 robe of the Sacrificial Victim
                  | {*Slow rPois rN+++ SInv}
 61981 | Slime:5  | Identified the Disquisition on Vitriolic Heat
 61984 | Slime:5  | Got a slimy rune of Zot
 62732 | Vaults:1 | Entered Level 1 of the Vaults
 62732 | Vaults:1 | Found a flickering gateway to a bazaar.
 62739 | Bazaar   | Entered a bazaar
 62744 | Bazaar   | Found Tumoenack's Magic Scroll Emporium.
 62749 | Bazaar   | Found Adghoug's Book Shop.
 62752 | Bazaar   | Found Miewelut's Armour Boutique.
 62767 | Bazaar   | Found Adif's Distillery.
 62775 | Bazaar   | Bought a potion of brilliance for 64 gold pieces
 62775 | Bazaar   | Bought a potion of curing for 40 gold pieces
 62775 | Bazaar   | Bought a potion of mutation for 128 gold pieces
 62775 | Bazaar   | Bought a potion of brilliance for 64 gold pieces
 62775 | Bazaar   | Bought a potion of curing for 40 gold pieces
 62775 | Bazaar   | Bought a potion of agility for 64 gold pieces
 62775 | Bazaar   | Bought 2 potions of haste for 320 gold pieces
 62775 | Bazaar   | Bought 2 potions of haste for 320 gold pieces
 62797 | Bazaar   | Bought a scroll of blinking for 112 gold pieces
 62797 | Bazaar   | Bought a scroll of teleportation for 45 gold pieces
 62797 | Bazaar   | Bought a scroll of silence for 112 gold pieces
 62797 | Bazaar   | Bought a scroll of blinking for 112 gold pieces
 62797 | Bazaar   | Bought a scroll of blinking for 112 gold pieces
 62811 | Bazaar   | Found Zypnoxoph's General Store.
 62819 | Bazaar   | Bought a +1 cloak of magic resistance for 165 gold pieces
 62819 | Bazaar   | Bought a scroll of teleportation for 30 gold pieces
 62819 | Bazaar   | Bought a scroll of revelation for 40 gold pieces
 62836 | Bazaar   | Bought 2 scrolls of amnesia for 70 gold pieces
 62845 | Bazaar   | Learned a level 6 spell: Deflect Missiles
 62895 | Bazaar   | Bought a scroll of acquirement for 780 gold pieces
 62895 | Bazaar   | Identified the cursed +0 pair of gloves "Xoirchin" {Int+4}
                  | (You acquired it in a bazaar)
 62895 | Bazaar   | Identified the cursed ring of Greed {+Fly rElec rPois rC+
                  | MR-} (You acquired it in a bazaar)
 62895 | Bazaar   | Identified the Almanac of Confrontation (You acquired it in
                  | a bazaar)
 64292 | Vaults:1 | Reached skill level 10 in Charms
 64893 | Vaults:1 | Reached XP level 21. HP: 151/163 MP: 29/42
 65066 | Vaults:1 | Found a staircase to the Crypt.
 65374 | Vaults:2 | Found a magical portal.
 65379 | WizLab   | Entered Lehudib's Moon Base
 65495 | WizLab   | Found a transporter.
 65507 | WizLab   | Identified the ring "Usakut" {rPois Slay+2}
 66670 | WizLab   | Reached skill level 5 in Evocations
 66670 | WizLab   | Reached XP level 22. HP: 170/170 MP: 43/43
 66737 | WizLab   | Reduced skill Short Blades to level 5
 66957 | WizLab   | Found a transporter.
 67480 | WizLab   | Identified the +6 plate armour of Monotheism {Str+2 Int+4
                  | SInv} (You found it in a wizard's laboratory)
 68265 | Vaults:2 | Reduced skill Shields to level 1
 68266 | Vaults:2 | Reached skill level 10 in Evocations
 68608 | Vaults:2 | Reached skill level 15 in Fighting
 68789 | Vaults:2 | Found Emuleniy's General Store.
 68827 | Vaults:2 | Bought a potion of ambrosia for 80 gold pieces
 68827 | Vaults:2 | Bought a scroll of fear for 100 gold pieces
 69253 | Crypt:1  | Entered Level 1 of the Crypt
 69448 | Crypt:1  | Identified the +1 chain mail of Poej Opo {rC+}
 70507 | Crypt:1  | Noticed Mennas
 70600 | Crypt:1  | Reached XP level 23. HP: 120/184 MP: 6/45
 70684 | Crypt:1  | Killed Mennas
 70803 | Crypt:2  | Entered Level 2 of the Crypt
 71611 | Crypt:2  | Found the +2 robe of Vines {NoPotionHeal Regen+7 Str+7}
 71611 | Crypt:2  | Identified the ring of Muissupa {rElec Int+3 Dex+4 Slay-2
                  | Stlth+}
 71615 | Crypt:2  | Identified the ring of Jewnunep {rN+ MP+9 Int+2}
 71615 | Crypt:2  | Identified the amulet "Kaoces Elae" {Regen Dex+6}
 71615 | Crypt:2  | Identified the ring "Saojuwk" {+Blink rN+ MR+ Stlth+}
 71615 | Crypt:2  | Identified the +4 swamp dragon scales of the Unbroken
                  | {rPois rC+}
 71815 | Crypt:2  | Noticed a curse toe
 72428 | Crypt:2  | Noticed Sojobo
 72438 | Crypt:2  | Killed Sojobo
 72439 | Crypt:2  | Reached skill level 10 in Dodging
 72514 | Crypt:2  | Killed a curse toe
 72681 | Crypt:2  | Found a staircase to the Tomb.
 72794 | Crypt:2  | Noticed an ancient lich
 72815 | Crypt:2  | Noticed an ancient lich
 72815 | Crypt:2  | Noticed an ancient lich
 72825 | Crypt:2  | Killed an ancient lich
 72960 | Crypt:2  | Killed an ancient lich
 73135 | Crypt:2  | Killed an ancient lich
 73837 | Depths:1 | Entered Level 1 of the Depths
 74777 | Depths:1 | Found Kuyk Xit's Antique Armour Emporium.
 74785 | Depths:1 | Bought a pair of scorched gloves for 190 gold pieces
 74785 | Depths:1 | Identified the +0 pair of gloves "Samy" {Str+5} (You bought
                  | it in a shop on level 1 of the Depths)
 75018 | Depths:1 | Found a gateway to Hell.
 75120 | Depths:1 | Found Saetaock's Food Boutique.
 75122 | Depths:1 | Found Rapson's Antique Armour Shop.
 75126 | Depths:1 | Reached XP level 24. HP: 194/197 MP: 40/45
 75165 | Depths:1 | Found Tujiy's Magic Scroll Boutique.
 75173 | Depths:1 | Bought a scroll of fear for 65 gold pieces
 75173 | Depths:1 | Bought a scroll of revelation for 52 gold pieces
 75296 | Depths:1 | Found a gateway to a ziggurat.
 75644 | Depths:1 | Reached skill level 15 in Evocations
 76090 | Depths:2 | Identified the ring "Goicow" {Fire *Contam rPois Int-3
                  | Dex+5}
 76282 | Depths:2 | Identified the +1 rapier of Subterfuge {freeze, *Contam
                  | rElec rN+}
 76285 | Depths:2 | Identified the ring of Aqo Its {Fire rElec Dex-3 Stlth+}
 76917 | D:12     | You paid a toll of +2 gold dragon scales to enter a
                  | treasure trove
 76918 | Trove    | Entered a treasure trove
 76941 | Trove    | Identified the amulet of the Komtur {Spirit +Blink}
 76942 | Trove    | Identified the cursed amulet of the Slicing Madman {Inacc
                  | +Fly Dex+3}
 78479 | Depths:3 | Found a one-way gate leading to the halls of Pandemonium.
 78716 | Depths:3 | Identified the ring of Pride {Ice Dex+3}
 80144 | Depths:3 | Reached XP level 25. HP: 200/206 MP: 32/46
 80417 | Depths:4 | Found a flickering gateway to a bazaar.
 80426 | Bazaar   | Entered a bazaar
 80462 | Bazaar   | Found Feted Rigoru's Gadget Shop.
 80491 | Bazaar   | Found Xiedit's Gadget Shop.
 80527 | Bazaar   | Found Cyt Taloja's Distillery.
 80553 | Bazaar   | Found Ucrusex's Distillery.
 80582 | Bazaar   | Bought a potion of resistance for 100 gold pieces
 80602 | Bazaar   | Bought a potion of magic for 60 gold pieces
 80602 | Bazaar   | Bought a potion of brilliance for 48 gold pieces
 80602 | Bazaar   | Bought a potion of cancellation for 60 gold pieces
 80602 | Bazaar   | Bought a potion of heal wounds for 60 gold pieces
 80602 | Bazaar   | Bought a potion of ambrosia for 48 gold pieces
 80602 | Bazaar   | Bought 2 potions of resistance for 240 gold pieces
 80617 | Bazaar   | Bought a box of beasts for 240 gold pieces
 80617 | Bazaar   | Bought a wand of paralysis (13) for 168 gold pieces
 80617 | Bazaar   | Bought a box of beasts for 240 gold pieces
 80617 | Bazaar   | Bought a wand of acid (8) for 216 gold pieces
 80645 | Bazaar   | Bought a wand of paralysis (13) for 182 gold pieces
 80645 | Bazaar   | Bought a wand of digging (9) for 260 gold pieces
 81068 | Depths:4 | Noticed a Killer Klown
 81071 | Depths:4 | Killed a Killer Klown
 81738 | Depths:4 | Noticed a juggernaut
 81911 | Depths:4 | Identified the amulet of the Firefly {Faith Dex+3}
 82131 | Depths:4 | Noticed an ancient lich
 82141 | Depths:4 | Noticed a Killer Klown
 82142 | Depths:4 | Killed an ancient lich
 82355 | Depths:4 | Identified the +1 robe of Eternity {rElec rF- rCorr Stlth+}
 82388 | Depths:4 | Identified the cursed +3 hand axe "Qaiciytz" {antimagic,
                  | Str+9}
 82550 | Depths:4 | Killed a juggernaut
 83131 | Depths:5 | Entered Level 5 of the Depths
 83443 | Depths:5 | Noticed a golden dragon
 83445 | Depths:5 | Killed a Killer Klown
 83449 | Depths:5 | Killed a golden dragon
 83990 | Depths:5 | Found Kutum's Gadget Shop.
 83990 | Depths:5 | Found Gaymiamm's Jewellery Shoppe.
 83991 | Depths:5 | Found Voittiat's Gadget Shop.
 84001 | Depths:5 | Bought a box of beasts for 300 gold pieces
 84542 | Depths:5 | Reached XP level 26. HP: 208/213 MP: 39/50
 84821 | Depths:5 | Found a gate to the Realm of Zot.
 85089 | Depths:5 | Found the +5 robe of Night {Dark MR+ SInv}
 85183 | Zot:1    | Entered Level 1 of the Realm of Zot
 85283 | Zot:1    | Paralysed by the power of Zot for 4 turns
 85316 | Zot:1    | Identified the +12 plate armour of Xenith {rPois Dex+4}
 86839 | Zot:2    | Noticed a golden dragon
 86843 | Zot:2    | Killed a golden dragon
 88046 | Zot:2    | Found a runed translucent gate.
 88046 | Zot:2    | Found a runed translucent gate.
 88046 | Zot:2    | Found a runed translucent gate.
 88051 | Zot:2    | Noticed Icycared's ghost (master GrFi)
 89546 | Zot:3    | Noticed a Killer Klown
 89550 | Zot:3    | Killed a Killer Klown
 89655 | Zot:3    | Noticed a golden dragon
 90015 | Zot:3    | Reached XP level 27. HP: 209/219 MP: 12/53
 90962 | Zot:4    | Identified the +1 long sword "Ozxaucoite" {holy, rC- rN+
                  | Int+3 Stlth+}
 91446 | Zot:5    | Entered Level 5 of the Realm of Zot
 92827 | Zot:5    | Noticed an orb of fire
 92841 | Zot:5    | Killed an orb of fire
 93151 | Zot:5    | Noticed an orb of fire
 93160 | Zot:5    | Killed an orb of fire
 93223 | Zot:5    | Noticed an orb of fire
 93230 | Zot:5    | Gained mutation: You are frail. (-10% HP) [an orb of fire]
 93231 | Zot:5    | Killed an orb of fire
 93287 | Zot:5    | Noticed an ancient lich
 93306 | Zot:5    | Killed an ancient lich
 93582 | Zot:5    | Noticed an orb of fire
 93585 | Zot:5    | Gained mutation: You are dopey. (Int -2) [an orb of fire]
 93589 | Zot:5    | Killed an orb of fire
 93612 | Zot:5    | Noticed an orb of fire
 93662 | Zot:5    | Killed an orb of fire
 93770 | Zot:5    | Noticed an orb of fire
 93788 | Zot:5    | Killed an orb of fire
 93917 | Zot:5    | Noticed an ancient lich
 93921 | Zot:5    | Killed an ancient lich
 93954 | Zot:5    | Noticed an orb of fire
 93955 | Zot:5    | Gained mutation: You are weak. (Str -2) [an orb of fire]
 93959 | Zot:5    | Killed an orb of fire
 94054 | Zot:5    | Noticed an ancient lich
 94067 | Zot:5    | Killed an ancient lich
 94617 | Zot:5    | Noticed an orb of fire
 94625 | Zot:5    | Gained mutation: You are very weak. (Str -4) [an orb of
                  | fire]
 94633 | Zot:5    | Killed an orb of fire
 95082 | Zot:5    | Got the Orb of Zot
 95337 | Depths:2 | Noticed Henn the pandemonium lord
 95637 | D:$      | Escaped with the Orb!

Skill      XL: |  1  2  3  4  5  6  7  8  9 10 11 12 13 14 15 16 17 18 19 20 21 22 23 24 25 26 27 |
---------------+----------------------------------------------------------------------------------+-----
Armour         | 1 2 3 4 5 7 8 |  8.7
Dodging        | 1 2 3 4 5 7 8 12 | 12.5
Conjurations   | 1 2 3 4 5 6 8 10 12 14 15 18 20 23 25 26 | 26.6
Poison Magic   | 2 3 4 5 6 7 8 |  8.8
Short Blades   | 2 3 4 6 9 10 9 8 4 0 |  0.0
Spellcasting   | 3 4 5 6 9 12 14 15 16 17 18 22 25 | 25.0
Charms         | 3 4 5 6 7 10 13 14 | 14.1
Fighting       | 3 4 5 8 9 10 12 13 16 17 18 19 | 19.8
Shields        | 2 5 0 |  0.0
Evocations     | 5 11 14 17 19 25 | 25.0
Stealth        | |  1.2

Action                   |  1- 3 |  4- 6 |  7- 9 | 10-12 | 13-15 | 16-18 | 19-21 | 22-24 | 25-27 || total
-------------------------+-------+-------+-------+-------+-------+-------+-------+-------+-------++-------
Melee: Club              |    15 |       |       |       |       |       |       |       |       ||    15
       Dagger            |   112 |   234 |   331 |   322 |   352 |    34 |       |       |       ||  1385
       Staff             |       |       |       |       |    38 |    10 |    23 |       |       ||    71
       Quick blade       |       |       |       |       |       |       |   104 |       |       ||   104
       Quarterstaff      |       |       |       |       |       |       |     2 |    69 |    23 ||    94
 Fire: Blowgun           |       |       |     4 |       |       |       |       |       |       ||     4
Throw: Stone             |       |     2 |     7 |     1 |       |       |       |       |       ||    10
       Tomahawk          |       |       |       |    74 |    94 |    20 |     2 |     6 |     8 ||   204
 Cast: Magic Dart        |    60 |    44 |    50 |    91 |     7 |       |       |       |       ||   252
       Infusion          |    14 |    16 |    29 |    21 |    57 |     7 |       |     8 |     1 ||   153
       Mephitic Cloud    |     2 |    13 |    33 |   103 |    49 |    12 |    12 |     2 |     3 ||   229
       Ozocubu's Armour  |       |    10 |     1 |    11 |    26 |    15 |     7 |       |       ||    70
       Conjure Flame     |       |     5 |    14 |    55 |    16 |     1 |     1 |     4 |       ||    96
       Searing Ray       |       |       |       |    36 |    91 |    40 |     3 |     8 |     7 ||   185
       Spectral Weapon   |       |       |       |     3 |       |       |       |       |       ||     3
       Poisonous Vapours |       |       |       |     1 |    71 |    16 |    12 |       |       ||   100
       Orb of Destructio |       |       |       |       |   246 |   194 |   107 |    57 |    35 ||   639
       Ignite Poison     |       |       |       |       |    51 |    40 |    83 |    74 |   146 ||   394
       Sticky Flame      |       |       |       |       |    21 |     4 |     1 |       |       ||    26
       Blink             |       |       |       |       |     9 |     4 |     2 |     5 |     5 ||    25
       Swiftness         |       |       |       |       |     1 |       |       |       |       ||     1
       Poison Arrow      |       |       |       |       |       |   263 |   349 |   404 |   501 ||  1517
       Olgreb's Toxic Ra |       |       |       |       |       |     3 |       |       |       ||     3
       Spellforged Servi |       |       |       |       |       |       |    20 |    31 |     6 ||    57
       Deflect Missiles  |       |       |       |       |       |       |     1 |       |     1 ||     2
Invok: Curse Item        |       |       |       |     3 |       |       |       |     3 |       ||     6
       Transfer Knowledg |       |       |       |       |       |     1 |       |     3 |       ||     4
 Abil: Evoke Flight      |       |       |       |       |       |       |       |       |     1 ||     1
Evoke: Wand              |       |       |       |       |       |       |       |    14 |    27 ||    41
       Box of beasts     |       |       |       |       |       |       |       |     1 |     7 ||     8
       Fan of gales      |       |       |       |       |       |       |       |     1 |     1 ||     2
       Lightning rod     |       |       |       |       |       |       |       |       |     1 ||     1
  Use: Scroll            |     2 |     3 |     4 |       |    24 |    16 |     6 |     8 |    10 ||    73
       Potion            |       |     2 |     3 |     1 |       |       |     2 |     2 |    12 ||    22
 Stab: Confused          |     2 |    14 |    11 |    56 |    13 |     4 |       |       |       ||   100
       Sleeping          |     1 |       |       |       |     2 |     1 |     1 |       |       ||     5
       Distracted        |       |       |       |       |       |       |       |     2 |       ||     2
       Paralysed         |       |       |       |       |       |       |       |       |    11 ||    11
  Eat: Chunk             |     9 |    16 |    16 |    38 |    81 |    29 |    16 |    26 |    18 ||   249
       Ration            |       |     3 |     3 |       |     7 |    10 |    18 |    10 |    16 ||    67
Armor: Robe              |    27 |    33 |    21 |    48 |   136 |       |       |       |       ||   265
       Skin              |       |    10 |    15 |       |       |       |       |       |       ||    25
       Leather armour    |       |       |    13 |       |    29 |    89 |    33 |       |       ||   164
       Acid dragon scale |       |       |       |       |       |       |    15 |     3 |       ||    18
       Troll leather arm |       |       |       |       |       |       |       |    50 |    39 ||    89
Dodge: Dodged            |    76 |   135 |   200 |   260 |   599 |   206 |    98 |   302 |   287 ||  2163
       Deflected         |       |       |       |       |       |       |     2 |    67 |    38 ||   107
Block: Buckler           |       |       |       |       |    31 |    87 |    62 |       |       ||   180
       Reflection        |       |       |       |       |       |     4 |     2 |       |       ||     6
